 Dungeon Crawl Stone Soup version 0.31-a0-656-gb4d89c20fa (webtiles) character file.

Game seed: 6624576807074181437

56 inmateoo the Trooper (level 3, -2/29 HPs)
             Began as a Demonspawn Monk on Aug 30, 2023.
             Slain by Natasha (3 damage)
             ... on level 2 of the Dungeon.
             The game lasted 00:01:19 (1061 turns).

inmateoo the Trooper (Demonspawn Monk)              Turns: 1061, Time: 00:01:20

Health: -2/29      AC:  7    Str: 13    XL:     3   Next: 69%
Magic:  3/3        EV: 13    Int: 11    God:
Gold:   29         SH:  0    Dex: 15    Spells: 2/2 levels left

rFire   . .          .
                       - Unarmed
rCold   . . .        c - orb {light}
rNeg    . . .        a - +0 robe
rPois   .            i - +1 hat
rElec   .            e - +0 cloak
rCorr   .            h - +0 pair of gloves
SInv    .            (no boots)
Will    .....        l - amulet of magic regeneration
Stlth   +            (no ring)
HPRegen 0.24/turn    (no ring)
MPRegen 0.48/turn

%: no passive effects
@: confused, lethally poisoned (-2 -> -12), ambrosia-drunk, glowing
A: molten scales 1, spiny 1
a: no special abilities


You were on level 2 of the Dungeon.
You visited 1 branch of the dungeon, and saw 2 of its levels.

You collected 29 gold pieces.

Inventory:

Armour
 a - a +0 robe (worn)
 c - an orb of light (worn)
 e - a +0 cloak (worn)
 h - a +0 pair of gloves (worn)
 i - a +1 hat (worn)
Jewellery
 l - an amulet of magic regeneration (around neck)
Scrolls
 g - a scroll of blinking {unknown}
 k - a scroll of fog {unknown}
 m - 3 scrolls of amnesia {unknown}
 n - 2 scrolls of fear {unknown}
 o - a scroll of identify {unknown}
Potions
 d - a potion of mutation {unknown}
 f - a potion of brilliance {unknown}
 j - a potion of berserk rage {unknown}


   Skills:
 + Level 3.6 Fighting
 + Level 0.7 Armour
 + Level 3.2 Dodging
 + Level 3.2 Unarmed Combat


You had 2 spell levels left.
You didn't know any spells.
Your spell library contained the following spells:

 Spells                   Type           Power      Damage    Failure   Level
 Haunt                    Necr/Summ      0%         N/A       100%        7
 Borgnjor's Revivificati  Necr           0%         N/A       100%        8
 Death's Door             Necr           0%         N/A       100%        9


Dungeon Overview and Level Annotations

Branches:
Dungeon (2/15)

Altars:

Annotations:
D:2 Natasha


Innate Abilities, Weirdness & Mutations

You are partially covered in molten scales. (AC +2)
You are partially covered in sharp spines.


Message History

Natasha is heavily wounded.
The adder bites you but does no damage. Natasha claws you.
The kobold hits you with a +0 short sword.
You barely miss Natasha.
Natasha is heavily wounded.
The adder closely misses you. Natasha misses you.
The adder is struck by your spines. The adder bites you.
You are poisoned.
The adder poisons you! The kobold is struck by your spines.
The kobold closely misses you.
You hit Natasha.
Natasha is severely wounded.
You feel sick. The adder is struck by your spines. The adder bites you.
* * * LOW HITPOINT WARNING * * *
You are lethally poisoned!
The adder poisons you! Natasha claws you.
* * * LOW HITPOINT WARNING * * *
The kobold completely misses you.
You hit Natasha.
Natasha is severely wounded.
* * * LOW HITPOINT WARNING * * *
You feel sick. The adder bites you but does no damage.
Natasha closely misses you. The kobold closely misses you.
Unknown command.
You are confused.
You feel invigorated.
* * * LOW HITPOINT WARNING * * *
You feel sick. The adder bites you.
* * * LOW HITPOINT WARNING * * *
You are more poisoned.
The adder poisons you! Natasha closely misses you.
The kobold hits you but does no damage.
You are more confused.
You feel more invigorated.
* * * LOW HITPOINT WARNING * * *
You feel very sick. The adder closely misses you.
The adder bites you but does no damage. Natasha claws you.
You die...
Natasha curls up and begins to purr.

...........##
............# .
............##.
..............
............#
............#
...[..KS...#
......h@..###
##...#.#....# .# #.
#.#.##.## ..# ....#
#...##..####...#
....# ..
#.#..##......#.#
....#..#
..#..##.....####..#
....#..
###...###.....####.#
......#
.#..#....##.......#
.>..# # .....###
#.###..##


You could see Natasha, an adder and a kobold.

Vanquished Creatures
  Natasha (D:2)
  2 endoplasms
  A giant cockroach (D:1)
  5 goblins
  3 hobgoblins
  3 kobolds (D:1)
  4 quokkas
  2 ball pythons (D:1)
  3 bats
  3 frilled lizards (D:1)
  2 rats
29 creatures vanquished.

Notes
Turn   | Place    | Note
-------+----------+-------------------------------------------
     0 | D:1      | inmateoo the Demonspawn Monk began the quest for the Orb.
     0 | D:1      | Reached XP level 1. HP: 18/18 MP: 1/1
   254 | D:1      | Gained mutation: You are partially covered in molten
                  | scales. (AC +2) [demonic ancestry]
   254 | D:1      | Reached XP level 2. HP: 17/24 MP: 2/2
   392 | D:1      | Found a faded altar of an unknown god.
   950 | D:2      | Noticed Natasha
   962 | D:2      | Killed Natasha
   963 | D:2      | Gained mutation: You are partially covered in sharp spines.
                  | [demonic ancestry]
   963 | D:2      | Reached XP level 3. HP: 20/29 MP: 3/3
  1049 | D:2      | Noticed Natasha
  1060 | D:2      | HP: 1/29 [adder (3)]
  1061 | D:2      | Slain by Natasha

Illustrated notes

Levels and vault maps discovered:
D:1:      psy_arrival_whirlpool, layout_basic,
          shapermc_ecumenical_altar_notcrosses, dreamdust_mushroom_princess
D:2:      layout_rooms, uniq_natasha, uniq_terence

Skill      XL: |  1  2 |
---------------+-------+-----
Dodging        | 3 |  3.2
Unarmed Combat | 3 |  3.2
Fighting       | |  3.6
Armour         | |  0.7

Action                     || total
---------------------------++-------
  Melee: Unarmed           ||    98
    Use: Potion            ||     2
 Armour: Robe              ||    25
  Dodge: Dodged            ||    65

Table legend: (Time is in decaauts)
 A = Elapsed time spent in this place.
 B = Non-inter-level travel time spent in this place.
 C = Inter-level travel time spent in this place.
 D = Time resting spent in this place.
 E = Time spent auto-exploring this place.
 F = Levels seen in this place.
 G = Mean time per level.
                   A        B        C        D        E       F      G
               +--------+--------+--------+--------+--------+-----+--------+
         Total |   1055 |   1037 |     18 |    116 |    661 |   2 |  527.5 |
       Dungeon |   1055 |   1037 |     18 |    116 |    661 |   2 |  527.5 |
               +--------+--------+--------+--------+--------+-----+--------+

Top non-repeatable levels by time:
     D:1: 879 daAuts
     D:2: 175 daAuts
